 Dungeon Crawl Stone Soup version 0.28.0-53-g5a82cb258f (webtiles) character file.

Game seed: 5846135694531160000

3577 ChickenMitten the Fighter (level 10, -15/171 HPs)
             Began as an Ogre Summoner on Aug 4, 2022.
             Was an Initiate of Okawaru.
             Demolished by a gargoyle
             ... wielding a +2 morningstar of protection
              (22 damage)
             ... on level 9 of the Dungeon on Aug 6, 2022.
             The game lasted 00:21:32 (10320 turns).

ChickenMitten the Fighter (Ogre Summoner)          Turns: 10320, Time: 00:21:33

Health: -15/171    AC: 25    Str: 20    XL:     10   Next: 10%
Magic:  16/16      EV:  1    Int: 18    God:    Okawaru [......]
Gold:   136        SH:  0    Dex: 11    Spells: 15/18 levels left

rFire   . . .      SeeInvis .   g - +10 rapier "Husuk" {venom, Contam Str+4 Int+2 Stlth+}
rCold   . . .      Faith    .   (no shield)
rNeg    . . .      Spirit   .   (armour currently unavailable)
rPois   +          Reflect  .   (helmet currently unavailable)
rElec   .          Harm     .   (cloak currently unavailable)
rCorr   .          Rampage  .   (gloves unavailable)
Will    +....      NoTele   +   (boots unavailable)
Stlth   +++.......              (no amulet)
HPRegen 0.38/turn               m - ring of wizardry
MPRegen 0.15/turn               H - +4 ring of evasion

@: tree-form (expiring), hasted, studying Polearms, very quick
A: stationary, stasis, torment immunity, boosted hp, large, unfitting armour,
(tough skin 1), dopey 1, strong 1
a: Renounce Religion


You were on level 9 of the Dungeon.
You worshipped Okawaru.
Okawaru was noncommittal.
You were a tree.
You visited 2 branches of the dungeon, and saw 11 of its levels.

You collected 604 gold pieces.
You spent 468 gold pieces at shops.

Inventory:

Hand Weapons
 b - a +0 spear
 g - the +10 rapier "Husuk" (weapon) {venom, Contam Str+4 Int+2 Stlth+}
   (You found it on level 2 of the Dungeon)

   It poisons the flesh of those it strikes.
   Str:       It affects your strength (+4).
   Int:       It affects your intelligence (+2).
   Contam:    It causes magical contamination when unequipped.
   Stlth:     It makes you more stealthy.
Armour
 a - a +0 robe (melded)
 I - a +1 hat (melded)
Jewellery
 f - a ring of protection from cold
 m - a ring of wizardry (left branch)
 G - a ring of fire
 H - a +4 ring of evasion (right branch)
Wands
 o - a wand of digging (7)
 x - a wand of charming (12)
 y - a wand of flame (18)
 B - a wand of iceblast (6)
Scrolls
 h - a scroll of blinking {unknown}
 i - 2 scrolls of teleportation
 j - 3 scrolls of enchant weapon {unknown}
 p - a scroll of silence
 q - a scroll of immolation {unknown}
 s - a scroll of holy word {unknown}
 t - a scroll of noise {unknown}
 v - a scroll of summoning {unknown}
 A - 3 scrolls of identify
 C - a scroll of amnesia {unknown}
 D - 2 scrolls of magic mapping {unknown}
 E - 2 scrolls of fear {unknown}
 F - a scroll of brand weapon {unknown}
Potions
 c - a potion of mutation
 e - 2 potions of attraction
 k - 2 potions of degeneration
 l - a potion of lignification
 r - 2 potions of flight
 u - a potion of haste
 w - a potion of cancellation {unknown}
 z - a potion of brilliance {unknown}


   Skills:
 * Level 11.6 Fighting
 + Level 6.7 Short Blades
 - Level 1.8 Polearms
 * Level 5.3 Dodging
 - Level 1.4 Stealth
 - Level 4.6 Spellcasting
 - Level 5.0 Summonings


You had 15 spell levels left.
You knew the following spells:

 Your Spells              Type           Power      Damage    Failure   Level
a - Summon Small Mammal   Summ           88%        N/A       1%          1
b - Call Imp              Summ           22%        N/A       1%          2

Your spell library contained the following spells:

 Spells                   Type           Power      Damage    Failure   Level
 Blink                    Tloc           8%         N/A       9%          2
 Lesser Beckoning         Tloc           4%         N/A       16%         3
 Manifold Assault         Tloc           4%         N/A       80%         5
 Call Canine Familiar     Summ           Unusable   N/A       N/A         3
 Summon Guardian Golem    Hex/Summ       Unusable   N/A       N/A         3
 Summon Lightning Spire   Summ/Air       Unusable   N/A       N/A         4

Dungeon Overview and Level Annotations

Branches:
Dungeon (10/15)            Temple (1/1) D:6
   Lair: D:8-11         Orc: D:9-12

Altars:
Ashenzari
Cheibriados
Dithmenos
Elyvilon
Gozag
Makhleb
Nemelex Xobeh
Okawaru
Qazlal
Ru
Sif Muna
Trog
Uskayaw
Vehumet
Wu Jian
Zin
The Shining One

Shops:
D:3 (   D:4 :[=   D:7 **

Annotations:
D:6 2 transporters, mandor's ghost, novice DjVM
D:9 Gastronok; Harold


Innate Abilities, Weirdness & Mutations

You are a tree.
Your roots penetrate the ground, keeping you stationary.
You cannot be teleported.
You are immune to unholy pain and torment.
Your maximum health is greatly increased.
Your equipment is partially melded.
You are too large for most types of armour.
((You have tough skin. (AC +1)))
You are dopey. (Int -2)
Your muscles are strong. (Str +2)


Message History

The gargoyle hits you with a +2 morningstar of protection.
* * * LOW HITPOINT WARNING * * *
It was a potion of curing.
You feel better.
The gargoyle hurls a stone arrow at you.
The stone arrow hits you!
* * * LOW HITPOINT WARNING * * *
It was a potion of haste.
You feel yourself speed up.
The gargoyle hits you but does no damage.
It was a potion of mutation.
You feel extremely strange.
You feel stupid.
You feel stronger.
The gargoyle hurls a stone arrow at you.
The stone arrow hits you!
* * * LOW HITPOINT WARNING * * *
It was a potion of heal wounds.
You feel much better.
You feel better.
The gargoyle hits you with a +2 morningstar of protection!
* * * LOW HITPOINT WARNING * * *
You barely miss the gargoyle.
The gargoyle is lightly damaged.
The gargoyle hits you with a +2 morningstar of protection!
* * * LOW HITPOINT WARNING * * *
You hit the gargoyle.
The gargoyle is lightly damaged.
Your transformation is almost over.
You hit the gargoyle but do no damage.
The gargoyle is lightly damaged.
The gargoyle hits you with a +2 morningstar of protection!
* * * LOW HITPOINT WARNING * * *
You hit the gargoyle but do no damage.
The gargoyle is lightly damaged.
You hit the gargoyle but do no damage.
The gargoyle is lightly damaged.
The gargoyle hits you with a +2 morningstar of protection!
* * * LOW HITPOINT WARNING * * *
You puncture the gargoyle!
The gargoyle is heavily damaged.
You completely miss the gargoyle.
The gargoyle is heavily damaged.
The gargoyle hits you with a +2 morningstar of protection!!
You die...

.#.#.###.##
#.....####.#####.##
.#.#.##...######..#.#...#
#.#
.#.#.............###..###
#.#
.#.#.##...######..#...#
#.# .#.#.###.## #.#.####
#.# .#.#.# #.# #.### #.#
.#.#.# #.# #.# #.# .#.#.#
#.# ###.##### #.#
.#.#.###.#####..♣9..<#
#.#
............##.#####.#
#.# ##...###.......# #.#
#.# ##### ####....#
#.########.# ####.#
#..........#
#.#####.##########
#.......# #########


You could see a gargoyle.

Vanquished Creatures
  A cyclops (D:8)
  Grinder (D:3)
  Sigmund (D:5)
  3 yaks (D:10)
  A steam dragon (D:9)
  3 water moccasins
  2 black bears
  An ogre (D:4)
  A necrophage (D:6)
  5 bullfrogs
  Blork the orc (D:5)
  A wyvern skeleton (D:7)
  3 killer bees (D:9)
  4 howler monkeys
  A wight (D:4)
  A bullfrog zombie (D:5)
  3 centaur zombies
  A hound (D:6)
  A bullfrog skeleton (D:4)
  2 orc priests (D:8)
  A centaur skeleton (D:4)
  Ijyb (D:5)
  5 iguanas
  2 orc wizards
  A hound skeleton (D:5)
  4 howler monkey zombies
  9 adders
  11 gnolls
  A white imp (D:7)
  2 adder skeletons (D:4)
  A worm (D:3)
  3 dart slugs
  12 orcs
  9 endoplasms
  4 giant cockroaches
  2 goblins (D:1)
  5 hobgoblins
  3 jackals (D:4)
  2 quokkas (D:3)
  7 ball pythons
  7 bats
  4 frilled lizards
  4 kobolds
  A quokka skeleton (D:4)
  7 rats
145 creatures vanquished.

Vanquished Creatures (collateral kills)
  2 bats (D:1)
  2 endoplasms (D:1)
  A goblin (D:2)
  3 ball pythons (D:1)
  A kobold (D:2)
  A rat (D:1)
10 creatures vanquished.

Vanquished Creatures (others)
  22 fungi (D:10)
  23 plants (D:10)
45 creatures vanquished.

Grand Total: 200 creatures vanquished

Notes
Turn   | Place    | Note
-------+----------+-------------------------------------------
     0 | D:1      | ChickenMitten the Ogre Summoner began the quest for the
                  | Orb.
     0 | D:1      | Reached XP level 1. HP: 16/16 MP: 3/3
   396 | D:1      | Reached XP level 2. HP: 18/26 MP: 5/5
   905 | D:1      | Reached skill level 1 in Fighting
   950 | D:1      | Reached XP level 3. HP: 17/33 MP: 7/7
  1484 | D:2      | Learned a level 2 spell: Call Imp
  1744 | D:2      | Identified the +10 rapier "Husuk" {venom, Contam Str+4
                  | Int+2 Stlth+}
  2104 | D:3      | Noticed Grinder
  2117 | D:3      | Paralysed by Grinder for 4 turns
  2126 | D:3      | Killed Grinder
  2127 | D:3      | Reached skill level 2 in Fighting
  2127 | D:3      | Reached skill level 1 in Short Blades
  2127 | D:3      | Reached skill level 1 in Polearms
  2127 | D:3      | Reached XP level 4. HP: 34/44 MP: 8/10
  2127 | D:3      | Reached XP level 5. HP: 38/50 MP: 8/11
  2127 | D:3      | Reached XP level 6. HP: 45/59 MP: 8/12
  2516 | D:3      | Found Kassyonn's Antique Weapon Shop.
  2705 | D:4      | Reached skill level 3 in Fighting
  2705 | D:4      | Reached skill level 5 in Summonings
  2923 | D:4      | Reached skill level 4 in Fighting
  2923 | D:4      | Reached XP level 7. HP: 31/71 MP: 13/13
  2939 | D:4      | Reached skill level 5 in Fighting
  3183 | D:4      | Found Wougezic's Jewellery Boutique.
  3304 | D:4      | Found Erufaiheo's Armour Shoppe.
  3581 | D:4      | Found Afaiderhu's Book Boutique.
  3648 | D:4      | Reached skill level 6 in Fighting
  4079 | D:5      | Entered Level 5 of the Dungeon
  4149 | D:5      | Reached skill level 7 in Fighting
  4458 | D:5      | Reached XP level 8. HP: 87/87 MP: 14/14
  4865 | D:5      | Noticed Blork the orc
  4874 | D:5      | Killed Blork the orc
  5075 | D:5      | Noticed Sigmund
  5084 | D:5      | Killed Sigmund
  5085 | D:5      | Reached skill level 8 in Fighting
  5155 | D:5      | Noticed Ijyb
  5164 | D:5      | Killed Ijyb
  5882 | D:6      | Found a staircase to the Ecumenical Temple.
  5921 | Temple   | Entered the Ecumenical Temple
  6053 | D:6      | Reached skill level 9 in Fighting
  6293 | D:6      | Found a transporter.
  6293 | D:6      | Identified the +5 great mace "Newtslayer" {vorpal, +Blink
                  | rN++ Str-2 SInv}
  6370 | D:6      | Noticed mandor's ghost (novice DjVM)
  6375 | D:6      | Found a transporter.
  6700 | D:7      | Found Plog's Assorted Antiques.
  6842 | D:7      | Reached XP level 9. HP: 88/100 MP: 15/15
  7243 | D:7      | Reached skill level 10 in Fighting
  7247 | D:7      | Reached skill level 5 in Short Blades
  7684 | D:7      | Found Sayzeirr's General Store.
  8081 | D:8      | Noticed a cyclops
  8301 | D:8      | Killed a cyclops
  8592 | D:8      | Found an iron altar of Okawaru.
  8599 | D:8      | Became a worshipper of Warmaster Okawaru
  9163 | D:9      | Noticed Gastronok
  9172 | D:9      | Noticed Harold
  9374 | D:9      | Reached skill level 11 in Fighting
  9633 | D:4      | Bought a +4 ring of evasion for 468 gold pieces
 10107 | D:10     | Entered Level 10 of the Dungeon
 10116 | D:10     | Reached skill level 5 in Dodging
 10141 | D:10     | Reached XP level 10. HP: 111/114 MP: 16/16
 10145 | D:10     | Noticed a gargoyle
 10311 | D:9      | Gained mutation: You are dopey. (Int -2) [potion of
                  | mutation]
 10311 | D:9      | Gained mutation: Your muscles are strong. (Str +2) [potion
                  | of mutation]
 10311 | D:9      | HP: 6/171 [gargoyle/stone arrow (17)]
 10318 | D:9      | HP: 6/171 [gargoyle/+2 morningstar of protection (13)]
 10320 | D:9      | Demolished by a gargoyle

Illustrated notes

Levels and vault maps discovered:
D:1:      eino_arrival_water_star, layout_loops_ring, kennysheep_pointless_box,
          kennysheep_doodads, minmay_surrounded
D:2:      layout_basic
D:3:      layout_basic, serial_shops, nicolae_shop_stone, uniq_grinder
D:4:      layout_basic, serial_shops, nicolae_shop_window_shopping, shop, shop,
          kennysheep_minor_cross, minmay_misc_feat_tiny, kennysheep_flooded_box,
          minmay_manual_monstrance
D:5:      layout_basic, amcnicky_mini_pool_small,
          chequers_serial_rivers_small_b, uniq_sigmund, uniq_blork_the_orc,
          uniq_ijyb
D:6:      layout_layer_cave, minmay_temple_entry_water_ring,
          gammafunk_ghost_smash, minmay_tree_intersection
D:7:      layout_loops_cross, serial_shops, shop_coins, nicolae_stop_n_shop_1
D:8:      layout_cave_pools, okawaru_gym_becter
D:9:      layout_loops_ring, kennysheep_small_square, uniq_gastronok, uniq_grum,
          uniq_harold, uniq_maurice
D:10:     layout_roguey, nicolae_overflow_hallway_of_the_gods,
          due_lair_maze_entry_diamond, minmay_misc_feat_chi, uniq_psyche
Temple:   nicolae_temple_x_marks_the_god

Skill      XL: |  1  2  3  4  5  6  7  8  9 |
---------------+----------------------------+-----
Summonings     | 4 5 |  5.0
Fighting       | 1 2 4 7 9 11 | 11.6
Spellcasting   | 4 |  4.6
Short Blades   | 1 4 6 |  6.7
Polearms       | 1 |  1.8
Dodging        | 2 3 5 |  5.3
Stealth        | |  1.4

Action                   |  1- 3 |  4- 6 |  7- 9 | 10-12 || total
-------------------------+-------+-------+-------+-------++-------
Melee: Spear             |    81 |       |       |       ||    81
       Unarmed           |     2 |       |       |       ||     2
       Punch             |     2 |       |     3 |       ||     5
       Rapier            |    25 |    51 |   200 |    22 ||   298
 Cast: Summon Small Mamm |    25 |     1 |     1 |       ||    27
       Call Imp          |     1 |       |       |       ||     1
  Use: Scroll            |       |       |     4 |       ||     4
       Potion            |       |       |       |     7 ||     7
 Stab: Sleeping          |     4 |     3 |    12 |       ||    19
Armor: Robe              |    34 |    12 |    42 |     1 ||    89
       Skin              |       |       |       |     1 ||     1
Dodge: Dodged            |    46 |    24 |   121 |     5 ||   196
